 Dungeon Crawl Stone Soup version 0.30-a0-368-g86fb4627a9 (webtiles) character file.

Game seed: 16724258417635356963

60571 oldriver the Eclecticist (level 14, -2/111 HPs)
             Began as a Mummy Necromancer on Nov 19, 2022.
             Was the Champion of Hepliaklqana.
             Slain by a tarantella (6 damage)
             ... on level 1 of the Spider Nest.
             The game lasted 00:38:13 (22846 turns).

oldriver the Eclecticist (Mummy Necromancer)       Turns: 22846, Time: 00:38:14

Health: -2/111     AC: 23    Str: 11    XL:     14   Next: 57%
Magic:  6/36       EV: 13    Int: 25    God:    Hepliaklqana [******]
Gold:   1312       SH:  0    Dex: 13    Spells: 31/50 levels left

rFire   x . .      SeeInvis .    o - +2 trident (protect)
rCold   + . .      Faith    +    E - +0 kite shield
rNeg    + + +      Spirit   .    z - +2 robe {Will+} rPois āˆž Reflect .
                                 B - +2 helmet
rElec   .          Harm     .    D - +0 cloak
rCorr   .          Rampage  .    q - +0 pair of gloves
Will    ++...                    h - +1 pair of boots
Stlth   +.........               (no amulet)
HPRegen 0.38/turn                x - +6 ring of intelligence
MPRegen 0.25/turn                n - +4 ring of protection

@: confused, under a protective aura
A: reduced essence, cold resistance 1, negative energy resistance 3, torment
resistance 2, heat vulnerability 1, in touch with death 2, no potions, faith
a: Renounce Religion, Recall Ancestor, Ancestor Identity, Transference, Idealise


You were on level 1 of the Spider Nest.
You worshipped Hepliaklqana.
Hepliaklqana was exalted by your worship.
You visited 4 branches of the dungeon, and saw 18 of its levels.
You also visited: Ossuary.

You collected 1423 gold pieces.
You spent 111 gold pieces at shops.

Inventory:

Hand Weapons
 k - a +2 dagger of venom
 o - a +2 trident of protection (weapon)
Missiles
 w - 7 throwing nets
Armour
 h - a +1 pair of boots (worn)
 q - a +0 pair of gloves (worn)
 z - a +2 robe of willpower (worn)
 B - a +2 helmet (worn)
 D - a +0 cloak (worn)
 E - a +0 kite shield (worn)
Jewellery
 a - a ring of protection from cold
 c - a ring of flight
 n - a +4 ring of protection (right hand)
 t - a ring of resist corrosion
 x - a +6 ring of intelligence (left hand)
 F - a ring of willpower
 I - a ring of wizardry
Wands
 b - a wand of quicksilver (14)
 l - a wand of paralysis (25)
 p - a wand of polymorph (20)
 u - a wand of digging (9)
 y - a wand of flame (46)
 H - a wand of roots (5)
Scrolls
 d - 5 scrolls of vulnerability
 e - 3 scrolls of amnesia
 f - 3 scrolls of fear
 g - 6 scrolls of magic mapping
 i - 2 scrolls of teleportation
 j - 4 scrolls of summoning
 m - 4 scrolls of immolation
 r - 6 scrolls of poison
 s - 3 scrolls of torment
 v - 3 scrolls of blinking
 A - 3 scrolls of identify
 C - a scroll of brand weapon
 G - a scroll of fog


   Skills:
 + Level 15.9 Fighting
 + Level 6.0 Armour
 + Level 6.1 Dodging
 + Level 2.1 Stealth
 + Level 6.0 Shields
 + Level 18.8 Spellcasting
 + Level 2.7 Conjurations
 - Level 4.0 Necromancy


You had 31 spell levels left.
You knew the following spells:

 Your Spells              Type           Power      Damage    Failure   Level
a - Necrotise             Necr           100%       1d9       1%          1
b - Vampiric Draining     Necr           78%        2d11      3%          3
c - Animate Dead          Necr           78%        N/A       11%         4
d - Blink                 Tloc           46%        N/A       9%          2
e - Searing Ray           Conj           74%        2d7       2%          2
f - Fulminant Prism       Conj/Hex       15%        3d10      30%         4
g - Vhi's Electric Charg  Tloc/Air       46%        N/A       16%         3

Your spell library contained the following spells:

 Spells                   Type           Power      Damage    Failure   Level
 Magic Dart               Conj           100%       1d8       1%          1
 Momentum Strike          Conj/Tloc      60%        3d9       4%          2
 Apportation              Tloc           46%        N/A       5%          1
 Summon Small Mammal      Summ           92%        N/A       5%          1
 Call Canine Familiar     Summ           23%        N/A       16%         3
 Kindle Blastsparks       Fire/Tloc/Air  46%        2d13      16%         3
 Lesser Beckoning         Tloc           46%        N/A       16%         3
 Summon Guardian Golem    Hex/Summ       23%        N/A       16%         3
 Agony                    Necr           78%        N/A       28%         5
 Iskenderun's Mystic Bla  Conj/Tloc      30%        2d8       30%         4
 Arcjolt                  Conj/Air       15%        1d25      63%         5
 Lee's Rapid Deconstruct  Erth           11%        3d8*      83%         5
 Maxwell's Capacitive Co  Air            11%        āˆž       100%        8


Dungeon Overview and Level Annotations

Branches:
Dungeon (11/15)            Temple (1/1) D:4            Lair (5/5) D:11
  Swamp (0/4) Lair:3       Spider (1/4) Lair:2        Slime (0/5) Lair:5
Ossuary (visited)
    Orc: D:9-12

Altars:
Ashenzari
Cheibriados
Dithmenos
Fedhas
Gozag
Hepliaklqana
Kikubaaqudgha
Makhleb
Nemelex Xobeh
Okawaru
Qazlal
Ru
Sif Muna
Trog
Uskayaw
Vehumet
Wu Jian
Xom
Yredelemnul
Jiyva

Shops:
D:1 :*   D:10 [

Annotations:
Lair:3 1 runed translucent door, Xeinaf's ghost, journeyman TrAr
Lair:5 3 runed translucent doors, Kirghoadoe's ghost, journeyman MiBe
Spider:1 1 runed translucent door, Jomugh's ghost, adept MfHs


Innate Abilities, Weirdness & Mutations

Your life essence is reduced to manifest your ancestor. (-10% HP)
You are immune to poison.
Your flesh is cold resistant. (rC+)
You are immune to negative energy. (rN+++)
You are immune to unholy pain and torment.
You are vulnerable to heat. (rF-)
You are strongly in touch with the powers of death.
You do not drink.
You have a special connection with the divine. (Faith)


Message History

The tarantella is almost dead.
The tarantella closely misses you. The tarantella touches you.
You are more confused.
The tarantella touches you but does no damage.
The tarantella barely misses you. The tarantella touches you!
You are more confused.
You closely miss the tarantella.
The tarantella is almost dead.
The tarantella misses you. The tarantella touches you!
* * * LOW HITPOINT WARNING * * *
The tarantella misses you. The tarantella closely misses you.
Unknown command.
You're too confused to cast spells.
You closely miss the tarantella. The tarantella completely misses you.
The tarantella touches you but does no damage.
The tarantella touches you.
* * * LOW HITPOINT WARNING * * *
The tarantella barely misses you.
You hit the tarantella.
Your weapon exudes an aura of protection.
The tarantella is lightly wounded.
The tarantella touches you.
* * * LOW HITPOINT WARNING * * *
The tarantella closely misses you. The tarantella touches you.
* * * LOW HITPOINT WARNING * * *
The tarantella touches you!
* * * LOW HITPOINT WARNING * * *
You are more confused.
The tarantella closely misses you.
You puncture the tarantella!
You kill the tarantella!
The tarantella touches you.
* * * LOW HITPOINT WARNING * * *
The tarantella touches you.
* * * LOW HITPOINT WARNING * * *
You're too confused to cast spells.
You closely miss the tarantella.
The tarantella touches you but does no damage.
The tarantella touches you.
You die...

.^##..........# .#
#..........# #
##..........#
#..........##
#..........#
##..........## #####
#............## ####...#
#####......#..###....###
##########.@..#### #sā€
### #.## #.# #.# #.# #.#
... ...


You could see a tarantella.

Vanquished Creatures
  An entropy weaver (Spider:1)
  3 hydras (Lair:5)
  A boulder beetle (D:6)
  2 death yaks
  A steelbarb worm (Spider:1)
  An oklob plant (Lair:5)
  2 wolf spiders (Spider:1)
  2 manticores (D:11)
  7 elephants
  2 black mambas
  A gargoyle (D:11)
  4 cane toads
  A rime drake (Lair:1)
  A komodo dragon (D:11)
  2 trolls
  Grinder (D:6)
  A polar bear (Lair:5)
  A tarantella (Spider:1)
  4 hornets
  A dream sheep (Lair:5)
  2 blink frogs (Lair:3)
  A jumping spider (Spider:1)
  5 spriggans (Lair:5)
  5 wyverns
  15 yaks
  3 basilisks
  A vampire (D:10)
  3 steam dragons
  5 redbacks (Spider:1)
  An acid dragon (D:9)
  Edmund (D:4)
  5 water moccasins
  2 ice beasts
  9 wolves
  4 phantoms
  4 centaurs
  4 bullfrogs
  Blork the orc (D:4)
  A kobold brigand (D:10)
  4 scorpions
  A necrophage (D:6)
  4 killer bees
  4 howler monkeys
  3 electric eels
  A wyvern simulacrum (D:9)
  2 hounds (D:6)
  7 orc priests
  A gnoll bouda (D:5)
  3 iguanas
  4 orc wizards
  A centaur simulacrum (D:9)
  7 mummies (Ossuary)
  8 adders
  A gnoll (D:1)
  2 shadow imps
  An ufetubus (D:5)
  A worm (D:2)
  2 dart slugs
  18 orcs
  4 endoplasms
  3 giant cockroaches
  5 goblins
  6 hobgoblins
  6 jackals
  13 kobolds
  2 quokkas
  5 ball pythons
  7 bats
  5 frilled lizards
  3 hobgoblin zombies (Ossuary)
  2 kobold zombies (Ossuary)
  4 rats
251 creatures vanquished.

Vanquished Creatures (collateral kills)
  Harold (D:11)
  2 hydras
  2 boulder beetles
  7 death yaks
  2 two-headed ogres
  An orb spider (Lair:2)
  A wolf spider (Lair:2)
  An ugly thing (D:11)
  11 elephants
  2 black mambas
  2 torpor snails
  8 cane toads
  3 komodo dragons
  A kobold demonologist (D:6)
  An unseen horror (D:9)
  A troll (D:11)
  A tarantella (Spider:1)
  5 polar bears
  3 blink frogs
  5 hornets
  4 dream sheep (Lair:5)
  4 jumping spiders
  8 spriggans (Lair:5)
  A culicivora (Spider:1)
  35 yaks
  A wraith (D:10)
  2 wyverns
  A basilisk (Lair:3)
  2 redbacks (Spider:1)
  4 unseen horror simulacra (D:9)
  3 vampire mosquitoes (D:11)
  An acid dragon (D:11)
  8 water moccasins
  3 ice beasts
  7 black bears
  A sky beast (D:7)
  3 ogres
  4 boggarts (Lair:5)
  27 wolves
  A centaur (D:8)
  2 kobold brigands
  7 bullfrogs
  A gnoll sergeant (D:9)
  A necrophage (D:5)
  A scorpion (D:6)
  10 killer bees
  A howler monkey (D:10)
  2 hounds (D:6)
  An orc priest (D:11)
  4 jellies (D:9)
  3 iguanas
  5 orc wizards
  2 centaur simulacra (D:9)
  A mummy (Ossuary)
  3 gnolls (D:9)
  A white imp (D:9)
  2 howler monkey simulacra (D:9)
  5 orcs
  An endoplasm (D:1)
  A gnoll zombie (Ossuary)
  A hobgoblin (D:2)
  A kobold (D:8)
  A quokka (D:5)
  A bat (D:1)
  2 kobold zombies (Ossuary)
240 creatures vanquished.

Vanquished Creatures (others)
  A hydra zombie (Lair:5)
  A jumping spider zombie (Spider:1)
  A tarantella zombie (Spider:1)
  A yak (D:9)
  A hornet zombie (Lair:5)
  2 elephant zombies (Lair:4)
  2 water moccasin zombies (D:11)
  9 yak zombies
  14 wolf zombies
  A bullfrog zombie (Lair:3)
  25 battlemagi
  An acid dragon zombie (D:11)
  2 howler monkey zombies (D:10)
  6 ancestors
  A steam dragon zombie (Lair:3)
  A shadow imp (D:5)
  A white imp (D:9)
  An iguana zombie (D:11)
  An orc (D:6)
  A bush (Lair:3)
  3 fulminant prisms (Spider:1)
  85 fungi
  143 plants
304 creatures vanquished.

Grand Total: 795 creatures vanquished

Notes
Turn   | Place    | Note
-------+----------+-------------------------------------------
     0 | D:1      | oldriver the Mummy Necromancer began the quest for the Orb.
     0 | D:1      | Reached XP level 1. HP: 13/13 MP: 4/4
   111 | D:1      | Found Bueh's General Store.
   120 | D:1      | Reached skill level 3 in Spellcasting
   173 | D:1      | Reached skill level 1 in Fighting
   199 | D:1      | Reached XP level 2. HP: 18/21 MP: 3/6
   598 | D:1      | Found a faded altar of an unknown god.
   656 | D:1      | Found Arirgh's Book Boutique.
   680 | D:1      | Gained mutation: You are in touch with the powers of death.
                  | [Mummy growth]
   680 | D:1      | Reached XP level 3. HP: 27/27 MP: 4/8
   897 | D:1      | Learned a level 3 spell: Vampiric Draining
  1114 | D:2      | Found a burning altar of Makhleb.
  1592 | D:2      | Reached skill level 4 in Spellcasting
  2041 | D:3      | Reached XP level 4. HP: 32/34 MP: 1/10
  2579 | D:4      | Noticed Edmund
  2587 | D:3      | Learned a level 4 spell: Animate Dead
  2590 | D:3      | Learned a level 2 spell: Blink
  2672 | D:4      | Found a hide-covered altar of Uskayaw.
  2795 | D:4      | Found a basalt altar of Yredelemnul.
  2845 | D:4      | Killed Edmund
  2846 | D:4      | Reached skill level 5 in Spellcasting
  2846 | D:4      | Reached XP level 5. HP: 19/42 MP: 1/12
  2931 | D:4      | Found a burning altar of Makhleb.
  3062 | D:4      | Found a staircase to the Ecumenical Temple.
  3077 | Temple   | Entered the Ecumenical Temple
  3286 | Temple   | Became a worshipper of Hepliaklqana the Forgotten
  3345 | D:4      | Noticed Blork the orc
  3360 | D:4      | Killed Blork the orc
  3361 | D:4      | Reached skill level 6 in Spellcasting
  3361 | D:4      | Reached XP level 6. HP: 34/48 MP: 0/15
  3939 | D:5      | Entered Level 5 of the Dungeon
  3939 | D:5      | Noticed an ice beast
  3944 | D:5      | Killed an ice beast
  3945 | D:5      | Reached skill level 5 in Fighting
  3945 | D:5      | Reached XP level 7. HP: 56/56 MP: 9/17
  4043 | D:5      | Reached skill level 7 in Spellcasting
  4241 | D:5      | Reached * piety under Hepliaklqana
  4641 | D:5      | Noticed a wyvern
  4672 | D:5      | Killed a wyvern
  4673 | D:5      | Reached skill level 8 in Spellcasting
  4673 | D:5      | Reached XP level 8. HP: 58/58 MP: 14/20
  4707 | D:5      | Found an opulent altar of Gozag.
  5199 | D:6      | Noticed a kobold demonologist
  5200 | D:6      | Reached skill level 9 in Spellcasting
  5285 | D:6      | Found a sand-covered staircase.
  5294 | Ossuary  | Entered an ossuary
  5974 | D:6      | Reached skill level 10 in Spellcasting
  6096 | D:6      | Reached XP level 9. HP: 43/66 MP: 17/23
  6208 | D:6      | Noticed a boulder beetle
  6258 | D:6      | Killed a boulder beetle
  6259 | D:6      | Reached skill level 11 in Spellcasting
  6524 | D:6      | Noticed a rust devil
  6530 | D:6      | Killed a kobold demonologist
  6531 | D:6      | Reached skill level 12 in Spellcasting
  6659 | D:6      | Noticed Grinder
  6691 | D:6      | Killed Grinder
  6692 | D:6      | Reached skill level 10 in Fighting
  6734 | D:6      | Reached ** piety under Hepliaklqana
  6735 | D:6      | Remembered your ancestor Numeria as a battlemage
  6885 | D:6      | Reached XP level 10. HP: 76/76 MP: 22/26
  8005 | D:7      | Found a stormy altar of Qazlal.
  8182 | D:8      | Reached *** piety under Hepliaklqana
  8354 | D:8      | Reached skill level 13 in Spellcasting
  9338 | D:9      | HP: 2/78 [killer bee (6)]
  9903 | D:9      | Reached skill level 14 in Spellcasting
  9984 | D:9      | Reached XP level 11. HP: 78/85 MP: 27/29
 10012 | D:9      | Found a viscous altar of Jiyva.
 10012 | D:9      | Noticed a two-headed ogre
 10020 | D:9      | Killed a two-headed ogre
 10084 | D:9      | Reached **** piety under Hepliaklqana
 10221 | D:9      | Reached skill level 15 in Spellcasting
 10737 | D:10     | Entered Level 10 of the Dungeon
 10737 | D:10     | Found Puxone Yrar's Antique Armour Shoppe.
 10745 | D:10     | Bought a runed robe for 111 gold pieces
 11137 | D:10     | Reached skill level 1 in Armour
 11414 | D:10     | Found a radiant altar of Vehumet.
 11519 | D:10     | Reached ***** piety under Hepliaklqana
 12028 | D:11     | Noticed a boulder beetle
 12101 | D:11     | Noticed a brown ugly thing
 12192 | D:11     | Noticed a two-headed ogre
 12202 | D:11     | Killed a two-headed ogre
 12203 | D:11     | Reached skill level 1 in Shields
 12291 | D:11     | Found a staircase to the Lair.
 12440 | D:11     | Killed a boulder beetle
 12441 | D:11     | Reached XP level 12. HP: 80/94 MP: 29/31
 12613 | D:11     | Identified the +3 chain mail "Vustropos" {rPois rC- Str-4
                  | Dex+9}
 12784 | D:11     | Noticed Harold
 12789 | D:11     | Killed Harold
 13442 | Lair:1   | Entered Level 1 of the Lair of Beasts
 13546 | Lair:1   | Reached skill level 16 in Spellcasting
 14696 | Lair:2   | Found a hole to the Spider Nest.
 15025 | Lair:2   | Noticed a death yak
 15025 | Lair:2   | Noticed a death yak
 15034 | Lair:2   | Noticed a death yak
 15038 | Lair:2   | Killed a death yak
 15041 | Lair:2   | Killed a death yak
 15042 | Lair:2   | Reached skill level 5 in Dodging
 15066 | Lair:2   | Killed a death yak
 15413 | Lair:3   | Noticed a death yak
 15414 | Lair:3   | Noticed a death yak
 15449 | Lair:3   | Noticed a four-headed hydra
 15471 | Lair:2   | Killed a four-headed hydra
 15745 | Lair:3   | Found a staircase to the Swamp.
 15785 | Lair:3   | Reached skill level 5 in Armour
 15836 | Lair:3   | Noticed a death yak
 15844 | Lair:3   | Noticed a death yak
 15845 | Lair:3   | Noticed a death yak
 15886 | Lair:2   | Killed a death yak
 15887 | Lair:2   | Gained mutation: You are strongly in touch with the powers
                  | of death. [Mummy growth]
 15887 | Lair:2   | Reached XP level 13. HP: 41/101 MP: 13/33
 16223 | Lair:3   | Reached skill level 5 in Shields
 16326 | Lair:3   | Reached skill level 17 in Spellcasting
 16432 | Lair:3   | Found a runed translucent door.
 16434 | Lair:3   | Found a shimmering altar of Xom.
 16434 | Lair:3   | Noticed Xeinaf's ghost (journeyman TrAr)
 16861 | Lair:3   | You fall into a shaft and drop 2 floors!
 16861 | Lair:5   | Entered Level 5 of the Lair of Beasts
 16878 | Lair:5   | Reached ****** piety under Hepliaklqana
 17684 | Lair:4   | Reached skill level 15 in Fighting
 18756 | Lair:5   | Reached skill level 18 in Spellcasting
 19359 | Lair:5   | Learned a level 2 spell: Searing Ray
 19364 | Lair:5   | Learned a level 4 spell: Fulminant Prism
 19368 | Lair:5   | Learned a level 3 spell: Vhi's Electric Charge
 19432 | Lair:5   | Reached XP level 14. HP: 110/110 MP: 30/36
 19702 | Lair:5   | Found a viscous altar of Jiyva.
 19706 | Lair:5   | Found a staircase to the Slime Pits.
 19827 | Lair:5   | Reached skill level 1 in Conjurations
 20157 | Lair:5   | Found a runed translucent gate.
 20157 | Lair:5   | Found a runed translucent gate.
 20157 | Lair:5   | Found a runed translucent gate.
 20157 | Lair:5   | Noticed Kirghoadoe's ghost (journeyman MiBe)
 21341 | Lair:5   | Found a blossoming altar of Fedhas.
 21953 | Spider:1 | Entered Level 1 of the Spider Nest
 22288 | Spider:1 | Noticed Jomugh's ghost (adept MfHs)
 22292 | Spider:1 | Found a runed translucent door.
 22845 | Spider:1 | HP: 4/111 [tarantella (5)]
 22846 | Spider:1 | Slain by a tarantella

Illustrated notes

Levels and vault maps discovered:
D:1:      enne_arrival_octagon_isle, layout_basic, basic_ecumenical_altar,
          serial_shops, nicolae_square_shop, shop_fountains
D:2:      layout_loops_ring, basic_altar, kennysheep_path_1
D:3:      layout_loops_ring
D:4:      layout_basic, mainiacjoe_overflow_small_starburst,
          mainiacjoe_overflow_paths, lemuel_tele_altar,
          minmay_temple_entry_glassed_door, solitary_fountain, grunt_tough_drop,
          uniq_blork_the_orc, uniq_edmund
D:5:      layout_rooms, nicolae_overflow_hidden_temple, minmay_misc_feat_rugged
D:6:      cheibrodos_fzero, layout_loops_ring,
          lightli_ossuary_entry_decrepit_ruins, uniq_grinder
D:7:      minmay_general_purpose_star, layout_basic,
          lemuel_coloured_pillars_altar
D:8:      layout_basic, minmay_starry_boxes
D:9:      layout_long_grid, serial_ice, serial_ice_n, serial_ice_j,
          serial_ice_a, serial_ice_h, serial_ice_o, serial_ice_f, serial_ice_e,
          serial_ice_d, jiyva_altar_1
D:10:     layout_small_grid, mainiacjoe_overflow_concentric_impassable,
          serial_shops, nicolae_stop_n_shop_2, nicolae_sextant, st_stairs_11,
          minmay_misc_feat_four_crosses
D:11:     layout_roguey, minmay_lair_entry_grove, uniq_harold
Temple:   regret_index_temple_sphere_string
Lair:1:   layout_loops_ring, nicolae_quartered_pool_super
Lair:2:   layout_roguey, nicolae_spider_entry_orb_guardian, serial_rivers,
          chequers_serial_rivers_micro_c, chequers_serial_rivers_large_a,
          chequers_serial_rivers_micro_e, chequers_serial_rivers_micro_c,
          chequers_serial_rivers_small_b, chequers_serial_rivers_small_b,
          lemuel_fruit_fields
Lair:3:   layout_misc_corridors, swamp_mist_pool, ebering_ghost_xom,
          grunt_megastairs_1, infiniplex_staircase_pool, lemuel_fruit_tree
Lair:4:   layout_regular_city, gammafunk_lair_bear_cave, serial_bayou_shore_a
Lair:5:   minmay_lair_end_enchanted_forest, layout_concentric_octagons,
          dpeg_slime_entry_corner, ebering_ghost_rock_garden, tgw_fedhas,
          grunt_megastairs_4, infiniplex_staircase_pool_2
Spider:1: layout_cave_pods, hellmonk_ghost_happy_afterlife

Skill      XL: |  1  2  3  4  5  6  7  8  9 10 11 12 13 14 |
---------------+-------------------------------------------+-----
Spellcasting   | 3 4 5 6 8 10 12 14 15 16 18 | 18.8
Fighting       | 1 2 3 4 5 6 8 10 11 13 14 15 | 15.9
Stealth        | 2 |  2.1
Armour         | 3 5 6 |  6.0
Dodging        | 3 5 6 |  6.1
Shields        | 2 4 5 6 |  6.0
Conjurations   | 2 |  2.7
Necromancy     | |  4.0

Action                   |  1- 3 |  4- 6 |  7- 9 | 10-12 | 13-15 || total
-------------------------+-------+-------+-------+-------+-------++-------
Melee: Unarmed           |     2 |       |       |       |       ||     2
       Dagger            |     2 |    26 |    64 |       |       ||    92
       Punch             |       |       |     4 |     2 |       ||     6
       Trident           |       |       |   162 |   440 |   288 ||   890
 Cast: Necrotise         |    69 |    64 |    80 |   129 |   299 ||   641
       Vampiric Draining |       |     6 |    25 |    58 |    94 ||   183
       Animate Dead      |       |       |     1 |    14 |     9 ||    24
       Fulminant Prism   |       |       |       |       |     3 ||     3
       Searing Ray       |       |       |       |       |     1 ||     1
Invok: Ancestor Life: Ba |       |       |     1 |       |       ||     1
       Recall Ancestor   |       |       |       |     4 |     1 ||     5
  Use: Scroll            |       |       |     9 |     6 |     8 ||    23
 Stab: Distracted        |       |       |     1 |     6 |     3 ||    10
       Sleeping          |       |       |     3 |     2 |       ||     5
Armor: Robe              |    11 |     9 |    89 |   333 |   406 ||   848
Dodge: Dodged            |    28 |    43 |   149 |   315 |   427 ||   962
Block: Kite shield       |       |       |       |   129 |   371 ||   500

Table legend: (Time is in decaauts)
 A = Elapsed time spent in this place.
 B = Non-inter-level travel time spent in this place.
 C = Inter-level travel time spent in this place.
 D = Time resting spent in this place.
 E = Time spent auto-exploring this place.
 F = Levels seen in this place.
 G = Mean time per level.
                   A        B        C        D        E       F      G
               +--------+--------+--------+--------+--------+-----+--------+
         Total |  23278 |  22240 |   1038 |   3562 |  14112 |  19 | 1225.2 |
       Dungeon |  12918 |  12122 |    796 |   1186 |   8651 |  11 | 1174.4 |
        Temple |    225 |    168 |     57 |      0 |    156 |   1 |  225.0 |
          Lair |   9012 |   8844 |    168 |   2047 |   4933 |   5 | 1802.4 |
   Spider Nest |    642 |    627 |     15 |    147 |    215 |   1 |  642.0 |
       Ossuary |    479 |    479 |      0 |    182 |    156 |   1 |  479.0 |
               +--------+--------+--------+--------+--------+-----+--------+

Top non-repeatable levels by time:
  Lair:5: 3242 daAuts
  Lair:2: 1992 daAuts
  Lair:4: 1745 daAuts
     D:9: 1727 daAuts
     D:6: 1576 daAuts
     D:5: 1291 daAuts
    D:11: 1257 daAuts
    D:10: 1251 daAuts
     D:8: 1206 daAuts
     D:4: 1109 daAuts
  Lair:3: 1107 daAuts
     D:1: 1069 daAuts
  Lair:1: 924 daAuts
     D:7: 886 daAuts
     D:2: 796 daAuts
